 Dungeon Crawl Stone Soup version 0.21.0-3-g78d12a8 (webtiles) character file.

665 FrothyCoffee the Firebug (level 7, -6/50 HPs)
             Began as a Yellow Draconian Fire Elementalist on Jan 9, 2018.
             Was an Initiate of Vehumet.
             Mangled by Duvessa
             ... wielding a +0 rapier
              (24 damage)
             ... on level 5 of the Dungeon.
             The game lasted 00:18:34 (5543 turns).

FrothyCoffee the Firebug (DrFE)                     Turns: 5543, Time: 00:18:34

Health: -6/50      AC:  6    Str: 11    XL:     7   Next: 31%
Magic:  0/12       EV: 12    Int: 17    God:    Vehumet [......]
Gold:   215        SH:  0    Dex: 11    Spells: 7/13 levels left

rFire    . . .     SeeInvis .   v - +2 scythe (freeze)
rCold    . . .     Gourm    .   (shield currently unavailable)
rNeg     . . .     Faith    .   (armour unavailable)
rPois    .         Spirit   .   (helmet restricted)
rElec    .         Reflect  .   (no cloak)
rCorr    +         Harm     .   (no gloves)
MR       .....                  (no boots)
Stlth    ++........             (no amulet)
HPRegen  0.16/turn              (no ring)
MPRegen  0.13/turn              (no ring)

@: hasted, very quick
A: spit acid, acid resistance, unfitting armour, cold-blooded, AC +6
a: Breathe Acid, Renounce Religion


You were on level 5 of the Dungeon.
You worshipped Vehumet.
Vehumet was noncommittal.
You were hungry.

You visited 2 branches of the dungeon, and saw 7 of its levels.

You collected 215 gold pieces.

Inventory:

Hand Weapons
 o - a +2 dagger of draining
 v - a +2 scythe of freezing (weapon)
Jewellery
 l - an uncursed amulet of harm {unknown}
 m - an uncursed ring of fire {unknown}
 r - an uncursed ring of ice {unknown}
Wands
 u - a wand of flame (27)
Scrolls
 d - a scroll of amnesia
 e - a scroll of fear {unknown}
 g - 2 scrolls of enchant armour {unknown}
 j - 2 scrolls of fog
 k - a scroll of blinking {unknown}
 n - a scroll of immolation {unknown}
 q - a scroll of noise {unknown}
 s - 2 scrolls of teleportation {unknown}
Potions
 c - 2 potions of flight
 f - a potion of brilliance
 h - a potion of invisibility {unknown}
 i - 3 potions of lignification
 p - a potion of haste
 t - a potion of curing {unknown}
Books
 a - a book of Flames

   Spells                             Type                      Level
   a - Flame Tongue                   Conjuration/Fire             1
   b - Throw Flame                    Conjuration/Fire             2
   c - Conjure Flame                  Conjuration/Fire             3
   d - Inner Flame                    Hexes/Fire                   3
   e - Sticky Flame                   Conjuration/Fire             4
   f - Fireball                       Conjuration/Fire             5
 w - Kikubaaqudgha's Grimoire of Unholy Magic
   (You found it on level 4 of the Dungeon)

   Spells                             Type                      Level
   a - Animate Skeleton               Necromancy                   1
Comestibles
 b - 6 rations
 x - a chunk of flesh


   Skills:
 - Level 1.7 Dodging
 - Level 1.7 Stealth
 + Level 3.7 Spellcasting
 * Level 5.0 Conjurations
 * Level 5.9 Fire Magic


You had 7 spell levels left.
You knew the following spells:

 Your Spells              Type           Power        Failure   Level  Hunger
a - Flame Tongue          Conj/Fire      ###..        1%          1    None
b - Throw Flame           Conj/Fire      ###...       2%          2    ##.....
c - Conjure Flame         Conj/Fire      ###.....     4%          3    ###....


Dungeon Overview and Level Annotations

Branches:
Dungeon (6/15)             Temple (1/1) D:4

Altars:
Ashenzari
Cheibriados
Elyvilon
Fedhas
Gozag
Hepliaklqana
Kikubaaqudgha
Makhleb
Nemelex Xobeh
Okawaru
Qazlal
Ru
Sif Muna
Uskayaw
Vehumet
Wu Jian
Yredelemnul
Zin
The Shining One

Annotations:
D:5 Duvessa


Innate Abilities, Weirdness & Mutations

You can spit globs of acid.
You are resistant to acid.
Your golden yellow scales are hard. (AC +6)
You cannot fit into any form of body armour.
You are cold-blooded and may be slowed by cold attacks.


Message History

Duvessa is engulfed in blazing flames.
You hear a shout! x2
Okay, then.
Duvessa hits you with a rapier!!
You feel yourself speed up. Duvessa hits you but does no damage.
A worker ant zombie comes into view.
You hear a bark!
Duvessa hits you with a rapier!
There is a stone staircase leading up here.
Duvessa hits you with a rapier.
Casting: Conjure Flame
Confirm with . or Enter, or press ? or * to list all spells.
Aiming: Conjure Flame
Press: ? - help, Dir - move target cursor The fire ignites!
You are feeling hungry.
You slash Duvessa! You freeze Duvessa.
Duvessa is moderately wounded.
Duvessa is engulfed in blazing flames.
Duvessa hits you with a rapier!!
You die...

#.#..>...)..#.# #.##.#
#.#.######..#.# #.##.#
.###...######..#.# #.##<#
......?..Z)......#.###.##.#
##.#####.######...Z..#.##.#
#.# ##.#........# #.#
#...#.#.####
#.#########.....#
#....@eh..#.###.##
#.###.#.#.Z## ##.# #.
#.#....# #.# #.###..## ##.#
#.....#.###.##
...........<##
##########.........
##########


You could see Duvessa (berserk), a worker ant zombie and a jackal.

Vanquished Creatures
  Sigmund (D:4)
  A bullfrog (D:4)
  Dowan (D:5)
  2 electric eels (D:4)
  An orc priest (D:4)
  A centaur skeleton (D:4)
  4 worker ants (D:4)
  A hound skeleton (D:4)
  3 gnolls (D:3)
  4 adders
  An ooze (D:4)
  A worm (D:2)
  2 dart slugs
  6 leopard geckos
  9 orcs
  A giant cockroach (D:3)
  8 goblins
  4 hobgoblins
  4 jackals (D:4)
  A quokka (D:3)
  A ball python (D:2)
  5 bats
  4 frilled lizards
  7 kobolds
  6 rats
79 creatures vanquished.

Notes
Turn   | Place    | Note
-------+----------+-------------------------------------------
     0 | D:1      | FrothyCoffee the Draconian Fire Elementalist began the quest for the Orb.
     0 | D:1      | Reached XP level 1. HP: 14/14 MP: 3/3
   257 | D:1      | Reached XP level 2. HP: 20/20 MP: 0/5
  1114 | D:2      | Learned a level 2 spell: Throw Flame
  1256 | D:2      | Reached XP level 3. HP: 21/26 MP: 0/6
  1805 | D:2      | Found a hazy altar of Hepliaklqana.
  1812 | D:2      | Found a sparkling altar of Nemelex Xobeh.
  1815 | D:2      | Found a snail-covered altar of Cheibriados.
  1818 | D:2      | Found a shattered altar of Ashenzari.
  2555 | D:3      | You fall through a shaft for 3 floors!
  2562 | D:5      | Entered Level 5 of the Dungeon
  2565 | D:5      | Noticed Dowan
  2650 | D:5      | Reached XP level 4. HP: 28/33 MP: 2/7
  3681 | D:4      | Noticed a bullfrog
  3772 | D:4      | Reached XP level 5. HP: 38/38 MP: 3/9
  3827 | D:4      | Learned a level 3 spell: Conjure Flame
  3827 | D:4      | Found a staircase to the Ecumenical Temple.
  3836 | Temple   | Entered the Ecumenical Temple
  4163 | D:4      | Found a transporter.
  4184 | D:4      | Found a transporter.
  4614 | D:4      | Reached XP level 6. HP: 44/45 MP: 1/10
  4730 | D:4      | Reached skill level 5 in Fire Magic
  4780 | D:4      | Noticed Sigmund
  4892 | D:4      | Killed Sigmund
  5055 | D:4      | Found a glowing silver altar of Zin.
  5055 | D:4      | Found a burning altar of Makhleb.
  5056 | D:4      | Noticed a green death
  5056 | D:4      | Noticed an angel
  5085 | D:4      | Your scales start taking on a golden yellow colour.
  5085 | D:4      | Reached XP level 7. HP: 50/50 MP: 7/12
  5113 | D:4      | Found a deep blue altar of Sif Muna.
  5113 | D:4      | Found an ancient bone altar of Kikubaaqudgha.
  5115 | D:4      | Found a radiant altar of Vehumet.
  5118 | D:4      | Identified Kikubaaqudgha's Grimoire of Unholy Magic
  5129 | D:4      | Became a worshipper of Vehumet
  5511 | D:5      | Killed Dowan
  5511 | D:5      | Reached skill level 5 in Conjurations
  5512 | D:5      | Noticed Duvessa
  5543 | D:5      | Mangled by Duvessa

Skill      XL: |  1  2  3  4  5  6  7 |
---------------+----------------------+-----
Conjurations   | 2 3 4 5 |  5.0
Fire Magic     | 4 5 |  5.9
Spellcasting   | 3 |  3.7
Dodging        | |  1.7
Stealth        | |  1.7

Action                   |  1- 3 |  4- 6 |  7- 9 || total
-------------------------+-------+-------+-------++-------
Melee: Unarmed           |    10 |    10 |       ||    20
       Tailslap          |     1 |     2 |       ||     3
       Dagger            |       |     7 |       ||     7
       Scythe            |       |     7 |     8 ||    15
 Cast: Flame Tongue      |    57 |    56 |     3 ||   116
       Throw Flame       |    21 |    29 |     6 ||    56
       Conjure Flame     |       |     3 |     3 ||     6
 Abil: Breathe Acid      |       |       |     2 ||     2
  Use: Scroll            |       |     6 |       ||     6
       Potion            |       |       |     1 ||     1
  Eat: Chunk             |     7 |    10 |     2 ||    19
Armor: Skin              |    15 |     8 |     3 ||    26
Dodge: Dodged            |    30 |    32 |     3 ||    65
